 Dungeon Crawl Stone Soup version 0.20.1-1-g8b1a95d (webtiles) character file.

156 dohliylev the Sneak (level 5, 0/36 HPs)
             Began as a Vampire Enchanter on July 9, 2017.
             Succumbed to an adder's poison
             ... on level 3 of the Dungeon.
             The game lasted 00:14:04 (3325 turns).

dohliylev the Sneak (Vampire Enchanter)             Turns: 3325, Time: 00:14:05

Health: 0/36       AC: 13    Str:  7    XL:     5   Next: 15%
Magic:  8/8        EV: -1    Int: 18    God:
Gold:   160        SH:  0    Dex: 15    Spells: 5/8 levels left

rFire    . . .     SeeInvis +   a - +1 dagger
rCold    . . .     Gourm    .   (no shield)
rNeg     + . .     Faith    .   v - +0 plate armour (curse)
rPois    .         Spirit   .   (no helmet)
rElec    .         Reflect  .   (no cloak)
rCorr    .         Harm     .   l - +2 pair of gloves
MR       .....                  (no boots)
Stlth    ..........             t - amulet of magic regeneration
Regen    0.2/turn               (no ring)
MPRegen  0.2/turn               (no ring)

@: lethally poisoned (0 -> -2), very slightly contaminated
A: fangs 3, see invisible, unbreathing
a: Bat Form


You were on level 3 of the Dungeon.
You were not thirsty.

You visited 1 branch of the dungeon, and saw 3 of its levels.

You collected 160 gold pieces.

Inventory:

Hand Weapons
 a - a +1 dagger (weapon)
Armour
 b - a +0 robe
 l - a +2 pair of gloves (worn)
 v - a cursed +0 plate armour (worn)
Jewellery
 h - an uncursed amulet of guardian spirit
 t - an amulet of magic regeneration (around neck)
Wands
 m - a wand of paralysis (10/24)
Scrolls
 e - a scroll of random uselessness {unknown}
 f - a scroll of magic mapping
 i - a scroll of enchant weapon {unknown}
 n - a scroll of fear {unknown}
 p - 2 scrolls of blinking
 q - 3 scrolls of enchant armour
 r - 3 scrolls of teleportation
Potions
 d - 10 potions of blood
 j - 3 potions of curing {unknown}
 o - 2 potions of resistance {unknown}
 s - 2 potions of heal wounds {unknown}
 u - a potion of flight {unknown}
Books
 c - a book of Maledictions

   Spells                             Type                      Level
   a - Corona                         Hexes                        1
   b - Ensorcelled Hibernation        Hexes/Ice                    2
   c - Confuse                        Hexes                        3
   d - Tukima's Dance                 Hexes                        3
   e - Dazzling Spray                 Conjuration/Hexes            3
 w - a book of Maledictions

   Spells                             Type                      Level
   a - Corona                         Hexes                        1
   b - Ensorcelled Hibernation        Hexes/Ice                    2
   c - Confuse                        Hexes                        3
   d - Tukima's Dance                 Hexes                        3
   e - Dazzling Spray                 Conjuration/Hexes            3


   Skills:
 + Level 0.5 Fighting
 + Level 2.5 Short Blades
 + Level 2.7 Dodging
 * Level 7.2 Stealth
 + Level 2.2 Spellcasting
 + Level 4.9 Hexes


You had 5 spell levels left.
You knew the following spells:

 Your Spells              Type           Power        Failure   Level  Hunger
a - Corona                Hex            ###....      100%        1    #......
b - Ensorcelled Hibernat  Hex/Ice        ##....       100%        2    ##.....


Dungeon Overview and Level Annotations

Branches:
Dungeon (3/15)

Altars:
Gozag
Hepliaklqana


Innate Abilities, Weirdness & Mutations

You have razor-sharp teeth.
You have supernaturally acute eyesight. (SInv)
You can survive without breathing.


Message History

You feel sick. The adder bites you but does no damage.
You feel sick. The adder bites you.
* * * LOW HITPOINT WARNING * * *
You are lethally poisoned!
The adder poisons you!
* * * LOW HITPOINT WARNING * * *
You feel sick. The adder bites you but does no damage.
* * * LOW HITPOINT WARNING * * *
You feel sick.
* * * LOW HITPOINT WARNING * * *
You feel sick. The adder bites you but does no damage.
* * * LOW HITPOINT WARNING * * *
You feel sick. The adder bites you but does no damage.
* * * LOW HITPOINT WARNING * * *
You feel sick. The adder bites you but does no damage.
You die...

# #### #...
###############.##
#...............##
####.###############
#...@...# #.......#
#.##S##.# #.##.##.#
######## #.......#
#<.....# #..#.#..#
#......# #.......#
#......# ##.#.#.##
#.<....# #.#.#.#
#...(..#


You could see an adder.

Vanquished Creatures
  Ijyb (D:3)
  A worker ant (D:3)
  3 adders
  2 oozes (D:1)
  A worm (D:2)
  3 dart slugs
  An orc (D:3)
  2 ball pythons
  4 giant cockroaches
  10 goblins
  7 hobgoblins
  2 jackals (D:1)
  A quokka (D:2)
  5 bats
  8 frilled lizards
  5 kobolds
  5 rats
61 creatures vanquished.

Notes
Turn   | Place    | Note
-------+----------+-------------------------------------------
     0 | D:1      | dohliylev the Vampire Enchanter began the quest for the Orb.
     0 | D:1      | Reached XP level 1. HP: 13/13 MP: 3/3
    96 | D:1      | Reached skill level 5 in Stealth
   135 | D:1      | Reached XP level 2. HP: 13/19 MP: 5/5
   886 | D:1      | Reached XP level 3. HP: 24/24 MP: 2/6
  1120 | D:2      | Reached skill level 6 in Stealth
  1145 | D:2      | Found a hazy altar of Hepliaklqana.
  1790 | D:2      | Learned a level 2 spell: Ensorcelled Hibernation
  1841 | D:2      | Reached XP level 4. HP: 26/30 MP: 4/7
  1889 | D:2      | Found an opulent altar of Gozag.
  2935 | D:3      | Reached skill level 7 in Stealth
  3200 | D:3      | Noticed Ijyb
  3270 | D:3      | Killed Ijyb
  3270 | D:3      | Reached XP level 5. HP: 27/36 MP: 8/8
  3321 | D:3      | HP: 1/36 [poisoned by an adder]
  3325 | D:3      | Succumbed to an adder's poison

Skill      XL: |  1  2  3  4 |
---------------+-------------+-----
Stealth        | 5 6 7 |  7.2
Short Blades   | 2 |  2.5
Fighting       | |  0.5
Dodging        | |  2.7
Spellcasting   | |  2.2
Hexes          | |  4.9

Action                   |  1- 3 |  4- 6 || total
-------------------------+-------+-------++-------
Melee: Dagger            |   188 |   173 ||   361
       Bite              |    19 |    12 ||    31
 Cast: Corona            |     8 |       ||     8
       Ensorcelled Hiber |     2 |       ||     2
 Abil: End Transformatio |       |     1 ||     1
       Bat Form          |       |     1 ||     1
  Use: Potion            |       |     7 ||     7
       Scroll            |       |     4 ||     4
 Stab: Sleeping          |     8 |     4 ||    12
  Eat: Corpse            |     3 |       ||     3
Armor: Robe              |    50 |    12 ||    62
       Plate armour      |       |   107 ||   107
Dodge: Dodged            |   134 |    17 ||   151
